 Dungeon Crawl Stone Soup version 0.29.1-2-gbd0b4ee654 (webtiles) character file.

Game seed: 10246886024815176815

1416 Zdeegee the Chiller (level 8, 0/45 HPs)
             Began as a Gargoyle Ice Elementalist on Aug 31, 2022.
             Was an Initiate of Vehumet.
             Slain by Menkaure (17 damage)
             ... on level 6 of the Dungeon on Nov 3, 2022.
             The game lasted 00:23:03 (6090 turns).

Zdeegee the Chiller (Gargoyle Ice Elementalist)     Turns: 6090, Time: 00:23:03

Health: 0/45       AC: 17    Str: 12    XL:     8   Next: 71%
Magic:  10/15      EV: 12    Int: 18    God:    Vehumet [......]
Gold:   434        SH:  0    Dex: 10    Spells: 9/16 levels left

rFire   . . .      SeeInvis .   e - +1 short sword (venom)
rCold   . . .      Faith    .   (no shield)
rNeg    + . .      Spirit   .   c - +0 troll leather armour
rPois   ∞          Reflect  .   n - +0 helmet
rElec   +          Harm     .   q - +0 cloak
rCorr   .          Rampage  .   (no gloves)
Will    .....                   (no boots)
Stlth   ++........              (no amulet)
HPRegen 0.95/turn               (no ring)
MPRegen 0.14/turn               (no ring)

@: ice-armoured
A: sickness immunity, AC +5, negative energy resistance 1, electricity
resistance, torment resistance 1, petrification resistance
a: Renounce Religion


You were on level 6 of the Dungeon.
You worshipped Vehumet.
Vehumet was noncommittal.
You visited 1 branch of the dungeon, and saw 6 of its levels.
You also visited: Sewer.

You collected 434 gold pieces.

Inventory:

Hand Weapons
 d - a +0 dagger
 e - a +1 short sword of venom (weapon)
Armour
 a - a +0 robe
 c - a +0 troll leather armour (worn)
 n - a +0 helmet (worn)
 q - a +0 cloak (worn)
 u - the +6 chain mail of the Centipede {Fly rC+++ Dex-5 Stlth+}
   (You took it off a kobold on level 4 of the Dungeon)

   Dex:       It affects your dexterity (-5).
   rC:        It renders you almost immune to cold.
   Fly:       It grants you flight.
   Stlth:     It makes you more stealthy.
Magical Staves
 w - a staff of fire
Scrolls
 i - 4 scrolls of magic mapping
 k - 5 scrolls of teleportation
 s - a scroll of immolation {unknown}
 t - 2 scrolls of enchant armour
 x - a scroll of amnesia
Potions
 b - 2 potions of magic
 f - a potion of heal wounds
 g - 3 potions of haste
 h - a potion of resistance {unknown}
 j - a potion of flight {unknown}
 l - 3 potions of curing
 m - 4 potions of brilliance
 o - a potion of attraction {unknown}
 p - a potion of invisibility {unknown}
 r - 2 potions of degeneration {unknown}
 v - 2 potions of might {unknown}


   Skills:
 * Level 2.7 Fighting
 + Level 1.3 Short Blades
 * Level 3.2 Armour
 * Level 3.1 Dodging
 + Level 2.2 Stealth
 + Level 0.2 Unarmed Combat
 * Level 4.8 Spellcasting
 * Level 3.4 Conjurations
 * Level 2.2 Translocations
 * Level 6.1 Ice Magic
 * Level 3.3 Earth Magic


You had 9 spell levels left.
You knew the following spells:

 Your Spells              Type           Power      Damage    Failure   Level
a - Freeze                Ice            100%       1d11      1%          1
b - Frozen Ramparts       Ice            52%        1d8       4%          3
c - Ozocubu's Armour      Ice            26%        N/A       4%          3

Your spell library contained the following spells:

 Spells                   Type           Power      Damage    Failure   Level
 Shock                    Conj/Air       40%        1d5       9%          1
 Blink                    Tloc           24%        N/A       11%         2
 Lesser Beckoning         Tloc           12%        N/A       21%         3
 Hailstorm                Conj/Ice       21%        3d6       24%         4
 Conjure Flame            Conj/Fire      10%        6-21      26%         3
 Ignite Poison            Fire/Tmut/Pois 4%         N/A       45%         3
 Swiftness                Air            4%         N/A       45%         3
 Sticky Flame             Conj/Fire      10%        2d3       63%         4
 Airstrike                Air            2%         2d(1-17)  86%         4
 Manifold Assault         Tloc           12%        N/A       88%         5


Dungeon Overview and Level Annotations

Branches:
Dungeon (6/15)             Temple (0/1) D:5           Sewer (visited)

Altars:
Elyvilon
Fedhas
Gozag
Nemelex Xobeh
Ru
Trog
Uskayaw
Vehumet
Wu Jian
Xom

Shops:
D:5 :=(=

Annotations:
D:6 Menkaure


Innate Abilities, Weirdness & Mutations

You are immune to sickness and miasma.
Your stone body is resilient. (AC +5)
You are immune to poison.
You resist negative energy. (rN+)
You are resistant to electric shocks. (rElec)
You are resistant to unholy torment.
You are immune to petrification.


Message History

Press: ? - help, Dir - look around, f - activate The walls around you are covered in ice.
Menkaure resists.
The wall freezes Menkaure.
Menkaure calls on the powers of darkness!
Your body is wracked with pain!
Unknown command.
Casting: Frozen Ramparts (dangerous; 4% risk of failure)
Confirm with . or Enter, or press ? or * to list all spells.
A film of ice covers your body!
Unknown command.
You hit Menkaure.
Menkaure is moderately damaged.
Menkaure resists.
The wall freezes Menkaure.
Menkaure misses you.
You barely miss Menkaure.
Menkaure is heavily damaged.
Menkaure resists.
The wall freezes Menkaure.
Menkaure hits you but does no damage.
You hit Menkaure but do no damage.
Menkaure is severely damaged.
Menkaure resists.
The wall freezes Menkaure.
Menkaure hits you!
* * * LOW HITPOINT WARNING * * *
You hit Menkaure but do no damage.
Menkaure is severely damaged.
Menkaure resists.
The wall freezes Menkaure.
Menkaure's bandages flutter.
Menkaure hits you but does no damage.
You hit Menkaure.
Menkaure is almost destroyed.
The frozen ramparts melt away.
You hit Menkaure but do no damage.
Menkaure is almost destroyed.
Menkaure gestures wildly while chanting.
Menkaure seems to speed up.
You barely miss Menkaure.
Menkaure is almost destroyed.
Menkaure hits you but does no damage.
You barely miss Menkaure.
Menkaure is almost destroyed.
Menkaure hits you!
You die...

.. # .# #........ #.
##.# #..##.##. #. ...#
#(.##.##. #.###..#
#..##.##. #.. ...
#..##.##. ##M##.#
#..##.##.
####..@#.######........
+..................#...
####...#.#######.#...##
##.##.# #.##.## ## #.#
#.#### #.# #.# ..# #.#
### #.# #.#


You could see Menkaure (fast).

Vanquished Creatures
  Grinder (D:5)
  A shadow (D:6)
  A black bear (D:6)
  An ogre (D:4)
  A centaur (D:5)
  4 phantoms
  Blork the orc (D:5)
  A scorpion (D:5)
  A hound (D:5)
  A jelly (D:5)
  An orc priest (D:4)
  An iguana (D:4)
  Natasha (twice) (D:3)
  Robin (D:2)
  9 adders
  A shadow imp (D:5)
  2 white imps (D:5)
  A worm (D:2)
  2 dart slugs
  9 orcs
  7 bats
  7 endoplasms
  6 giant cockroaches
  12 goblins
  13 hobgoblins
  11 jackals
  9 kobolds
  3 quokkas
  6 ball pythons
  7 frilled lizards
  8 rats
131 creatures vanquished.

Vanquished Creatures (others)
  8 fungi (D:4)
  4 plants (D:4)
12 creatures vanquished.

Grand Total: 143 creatures vanquished

Notes
Turn   | Place    | Note
-------+----------+-------------------------------------------
     0 | D:1      | Zdeegee the Gargoyle Ice Elementalist began the quest for
                  | the Orb.
     0 | D:1      | Reached XP level 1. HP: 10/10 MP: 3/3
   183 | D:1      | Reached XP level 2. HP: 15/15 MP: 0/5
   405 | D:1      | Reached XP level 3. HP: 19/19 MP: 2/6
   682 | D:1      | Learned a level 3 spell: Frozen Ramparts
  1015 | D:1      | Found a faded altar of an unknown god.
  1455 | D:2      | Learned a level 3 spell: Ozocubu's Armour
  1470 | D:2      | Found an ornate altar of the Wu Jian Council.
  1500 | D:2      | Reached XP level 4. HP: 24/24 MP: 4/7
  1575 | D:2      | Reached skill level 1 in Conjurations
  1896 | D:2      | Noticed Robin
  1920 | D:2      | Killed Robin
  2738 | D:3      | Reached skill level 1 in Armour
  2738 | D:3      | Reached XP level 5. HP: 28/28 MP: 5/9
  2926 | D:3      | Noticed Natasha
  2934 | D:3      | Killed Natasha
  2935 | D:3      | Reached skill level 1 in Fighting
  2935 | D:3      | Reached skill level 5 in Ice Magic
  3011 | D:3      | Found an opulent altar of Gozag.
  3011 | D:3      | Found a sparkling altar of Nemelex Xobeh.
  3201 | D:3      | Noticed Natasha
  3207 | D:3      | Killed Natasha
  3208 | D:3      | Reached skill level 1 in Earth Magic
  3242 | D:3      | Upgraded the game from 0.29.0-7-g18a832c13a to
                  | 0.29.1-2-gbd0b4ee654
  3268 | D:4      | Noticed a phantom
  3268 | D:4      | Noticed a phantom
  3322 | D:4      | Killed a phantom
  3323 | D:4      | Reached XP level 6. HP: 31/34 MP: 4/11
  3389 | D:4      | HP: 1/34 [something (7)]
  3405 | D:4      | You fall into a shaft and drop 1 floor!
  3405 | D:5      | Entered Level 5 of the Dungeon
  3427 | D:5      | Found Wasoxaom's Jewellery Boutique.
  3449 | D:5      | Found Neusogg's Antique Weapon Emporium.
  3477 | D:5      | Noticed Grinder
  3479 | D:5      | Noticed Blork the orc
  3521 | D:5      | Found a staircase to the Ecumenical Temple.
  3678 | D:4      | Found a glowing drain.
  3682 | Sewer    | Entered a sewer
  4112 | D:4      | Reached XP level 7. HP: 39/39 MP: 12/12
  4141 | D:4      | Found a bloodstained altar of Trog.
  4194 | D:4      | Identified the +6 chain mail of the Centipede {Fly rC+++
                  | Dex-5 Stlth+}
  4247 | D:4      | Found a radiant altar of Vehumet.
  4260 | D:4      | Found a white marble altar of Elyvilon.
  4262 | D:4      | Became a worshipper of Vehumet
  4265 | D:4      | Found a hide-covered altar of Uskayaw.
  4265 | D:4      | Found a sacrificial altar of Ru.
  4272 | D:4      | Found a shimmering altar of Xom.
  4343 | D:4      | Reached skill level 1 in Translocations
  4371 | D:4      | Found a blossoming altar of Fedhas.
  4405 | D:4      | Reached skill level 1 in Short Blades
  4712 | D:5      | Found Teacint's Book Shoppe.
  5142 | D:5      | Found Hivoebouw's Jewellery Shoppe.
  5188 | D:5      | Paralysed by Grinder for 2 turns
  5195 | D:5      | Paralysed by Grinder for 5 turns
  5216 | D:5      | Paralysed by Grinder for 2 turns
  5220 | D:5      | Paralysed by Grinder for 5 turns
  5227 | D:5      | Killed Grinder
  5228 | D:5      | Reached XP level 8. HP: 39/44 MP: 3/14
  5577 | D:5      | Killed Blork the orc
  5950 | D:6      | Reached skill level 6 in Ice Magic
  6000 | D:6      | Noticed a shadow
  6038 | D:6      | Killed a shadow
  6076 | D:6      | Noticed Menkaure
  6090 | D:6      | Slain by Menkaure

Illustrated notes

Levels and vault maps discovered:
D:1:      kennysheep_arrival_seaside, layout_basic,
          shapermc_ecumenical_altar_mp_highgroup
D:2:      layout_loops_ring, basic_altar, minivault_23, uniq_robin
D:3:      layout_basic, grunt_temple_overflow_opulence, uniq_natasha
D:4:      layout_rooms, trog_book, fedhas_altar_3,
          nicolae_overflow_hallway_of_the_gods, gup_sewer_entry_bowl
D:5:      layout_gridville, minmay_temple_entry_water_ring, serial_shops, shop,
          kennysheep_mini, nicolae_square_shop, nicolae_shop_waterfront,
          uniq_blork_the_orc, uniq_grinder
D:6:      layout_loops_corners, minmay_bent, uniq_menkaure

Skill      XL: |  1  2  3  4  5  6  7  8 |
---------------+-------------------------+-----
Conjurations   | 1 3 |  3.4
Armour         | 1 2 3 |  3.2
Fighting       | 1 2 |  2.7
Spellcasting   | 3 4 |  4.8
Ice Magic      | 5 6 |  6.1
Earth Magic    | 2 3 |  3.3
Dodging        | 2 3 |  3.1
Translocations | 1 2 |  2.2
Short Blades   | 1 |  1.3
Stealth        | |  2.2
Unarmed Combat | |  0.2

Action                   |  1- 3 |  4- 6 |  7- 9 || total
-------------------------+-------+-------+-------++-------
Melee: Unarmed           |    26 |       |       ||    26
       Short sword       |    36 |   205 |   174 ||   415
       Dagger            |    11 |       |       ||    11
       Punch             |       |     1 |     1 ||     2
 Cast: Freeze            |    49 |    45 |    64 ||   158
       Frozen Ramparts   |     2 |     5 |    10 ||    17
       Ozocubu's Armour  |       |     2 |     9 ||    11
  Use: Scroll            |       |    11 |     1 ||    12
       Potion            |       |     2 |       ||     2
 Stab: Sleeping          |       |     1 |       ||     1
Armor: Troll leather arm |    50 |   243 |   109 ||   402
       Robe              |     1 |       |       ||     1
Dodge: Dodged            |    72 |   244 |    96 ||   412
